 Dungeon Crawl Stone Soup version 0.26-a0-40-gfe7b5d5a6f (webtiles) character file.

Game seed: 3846937505229548531, levelgen mode: deterministic

63 ruh the Chopper (level 4, -4/35 HPs)
             Began as a Formicid Abyssal Knight on May 31, 2020.
             Was a Follower of Lugonu.
             Slain by a gnoll
             ... wielding a +0 whip
              (10 damage)
             ... on level 1 of the Dungeon.
             The game lasted 00:02:37 (1701 turns).

ruh the Chopper (Formicid Abyssal Knight)           Turns: 1701, Time: 00:02:38

Health: -4/35      AC:  3    Str: 17    XL:     4   Next: 30%
Magic:  5/5        EV: 11    Int: 12    God:    Lugonu [*.....]
Gold:   81         SH:  0    Dex: 10    Spells: 3/3 levels left

rFire    . . .     SeeInvis +   g - +2 dagger (elec)
rCold    . . .     Gourm    .   (no shield)
rNeg     . . .     Faith    .   b - +0 leather armour
rPois    .         Spirit   .   (helmet unavailable)
rElec    .         Reflect  .   (no cloak)
rCorr    .         Harm     .   (no gloves)
MR       .....                  (no boots)
Stlth    +.........             (no amulet)
HPRegen  0.11/turn              (no ring)
MPRegen  0.09/turn              (no ring)

@: no status effects
A: permanent stasis, dig shafts and tunnels, four strong arms, antennae 3
a: Dig, Shaft Self, Depart the Abyss, Renounce Religion


You were on level 1 of the Dungeon.
You worshipped Lugonu.
Lugonu was aware of your devotion.
You were hungry.

You visited 1 branch of the dungeon, and saw 2 of its levels.
You visited the Abyss 1 time.

You collected 81 gold pieces.

Inventory:

Hand Weapons
 a - a +1 hand axe
 g - a +2 dagger of electrocution (weapon)
Armour
 b - a +0 leather armour (worn)
Scrolls
 e - a scroll of teleportation {unknown}
 h - a scroll of fog {unknown}
 l - 2 scrolls of enchant weapon {unknown}
Potions
 d - a potion of berserk rage {unknown}
 i - a potion of haste {unknown}
 j - 2 potions of heal wounds {unknown}
 k - a potion of might {unknown}
 m - a potion of flight {unknown}
Comestibles
 c - 6 rations
 f - a chunk of flesh


   Skills:
 - Level 3.2 Fighting
 + Level 4.2 Axes
 - Level 2.1 Armour
 - Level 0.8 Dodging
 - Level 2.1 Invocations


You had 3 spell levels left.
You didn't know any spells.
Your spell library was empty.

Dungeon Overview and Level Annotations

Branches:
Dungeon (2/15)

Altars:


Innate Abilities, Weirdness & Mutations

You cannot be hasted, slowed, berserked, paralysed or teleported.
You can dig through walls and to a lower floor.
Your four strong arms can wield two-handed weapons with a shield.
You have a pair of large antennae on your head. (SInv)


Message History

Lugonu accepts your kill. The gnoll misses you.
The gnoll hits you with a +0 whip!
You see here a +0 flail.
You barely miss the gnoll. The gnoll barely misses you.
You hit the gnoll but do no damage. The gnoll hits you with a +0 whip!
You hit the gnoll.
The gnoll is lightly wounded.
The gnoll hits you with a +0 whip.
You hit the gnoll.
The gnoll is lightly wounded.
The gnoll hits you with a +0 whip!
* * * LOW HITPOINT WARNING * * *
You hit the gnoll.
The gnoll is moderately wounded.
The gnoll hits you but does no damage.
You closely miss the gnoll.
The gnoll is moderately wounded.
The gnoll hits you with a +0 whip!
You die...

### #.######.#.# ..#
#.####.#.#.# ..#
#......#.#.# ..#
######.#...# ########
#######.####### .......#
#....รท........#
.......#######.####.######.#
.......+.......g>##)# #.#
.......#####...#@##.# #.#
.....).....#.#.#.##.# #.#
.....).....'......(.# #.#
...###.....###...#########.#
...# #......##.............#
...# ##.....####.###########
...# #..........## ...#
#.....###...###### ...#
#.....##.........#


You could see a gnoll.

Vanquished Creatures
  2 gnolls (D:1)
  A worm (D:2)
  A dart slug (D:1)
  A giant cockroach (D:1)
  8 goblins (D:1)
  6 hobgoblins
  8 kobolds
  A ball python (D:1)
  4 bats (D:1)
  6 rats (D:1)
38 creatures vanquished.

Notes
Turn   | Place    | Note
-------+----------+-------------------------------------------
     0 | Abyss:1  | ruh the Formicid Abyssal Knight began the quest for the
                  | Orb.
     0 | Abyss:1  | Reached XP level 1. HP: 18/18 MP: 2/2
     7 | Abyss:1  | Noticed a small abomination
    26 | D:1      | Escaped the Abyss
   216 | D:1      | Reached XP level 2. HP: 16/24 MP: 3/3
   336 | D:1      | Reached * piety under Lugonu
   448 | D:1      | Reached skill level 3 in Axes
   751 | D:1      | Reached XP level 3. HP: 18/29 MP: 4/4
  1689 | D:1      | Reached skill level 4 in Axes
  1689 | D:1      | Reached XP level 4. HP: 35/35 MP: 5/5
  1701 | D:1      | Slain by a gnoll

Illustrated notes

Levels and vault maps discovered:
D:1:      mrwooster_arrival_statue_3, layout_basic
D:2:      layout_rooms, overflow_temple_1_default, uniq_jessica

Skill      XL: |  1  2  3 |
---------------+----------+-----
Axes           | 3 4 |  4.2
Fighting       | |  3.2
Armour         | |  2.1
Dodging        | |  0.8
Invocations    | |  2.1

Action                   |  1- 3 |  4- 6 || total
-------------------------+-------+-------++-------
Melee: Hand axe          |    48 |       ||    48
       Dagger            |    73 |     7 ||    80
Invok: Depart the Abyss  |     1 |       ||     1
  Eat: Chunk             |     2 |       ||     2
Armor: Leather armour    |    26 |     1 ||    27
Dodge: Dodged            |    69 |     6 ||    75

Table legend:
 A = Non-vault XP
 B = Vault XP
 C = Vault XP percentage of total XP
 D = Non-vault monster count
 E = Vault monster count
 F = Vault count percentage of total count
                 A         B        C        D         E       F
            +---------+---------+-------+---------+---------+-------
      Total |      90 |       0 |   0.0 |      38 |       0 |   0.0
            +---------+---------+-------+---------+---------+-------
        D:1 |      76 |       0 |   0.0 |      32 |       0 |   0.0
        D:2 |      14 |       0 |   0.0 |       6 |       0 |   0.0
            +---------+---------+-------+---------+---------+-------
